Map: Disco Bloodbath LE

Players

LiquidTLO (TLO)

  • Race: Zerg Zerg
  • League: Master
  • Spawn Location: 9:00

llllllllllll (Trap) - Winner!

  • Race: Protoss Protoss
  • League: Master
  • Spawn Location: 3:00

Event: HomeStory Cup XX

VOD

Have the link to the VOD?

Description

Time

  • Played on: Nov. 21, 2019, 10:09 a.m.
  • Length: 7:35

All games in this series

Show
View Real Time Build Order
Export as new Build Order

LiquidTLO Zerg 

Build Orders: Hatch First 

Get SALT Encoding   

  12  0:00  Drone  
  13  0:12  Overlord  
  13  0:16  Drone  
  14  0:30  Drone  
  14  0:31  Drone  
  16  0:47  Hatchery  
  15  0:51  Drone  
  15  0:54  Drone  
  17  0:57  Drone  
  17  1:04  Extractor  
  17  1:13  Spawning Pool  
  17  1:16  Drone  
  17  1:18  Drone  
  18  1:28  Drone  
  19  1:39  Drone  
  20  1:49  Overlord  
  20  1:59  Queen x2  
  20  2:00  Drone x2  
  26  2:05  Metabolic Boost  
  26  2:11  Drone  
  26  2:12  Drone  
  28  2:29  Hatchery  
  27  2:32  Zergling x4  
  27  2:33  Drone  
  30  2:40  Queen  
  32  2:45  Overlord  
  32  2:48  Drone  
  32  2:50  Drone  
  34  2:53  Drone  
  34  2:56  Overlord  
  35  3:04  Queen  
  37  3:06  Drone x2  
  37  3:09  Drone  
  37  3:10  Drone  
  41  3:15  Drone  
  41  3:17  Drone  
  41  3:19  Drone  
  44  3:20  Drone  
  44  3:25  Zergling x4  
  46  3:28  Queen  
  46  3:32  Drone  
  49  3:35  Overlord  
  48  3:44  Drone x2  
  48  3:45  Drone  
  48  3:46  Drone x2  
  54  3:48  Drone  
  54  3:49  Zergling x2, Drone  
  54  3:51  Queen  
  54  3:55  Spore Crawler  
  56  3:56  Spore Crawler  
  56  3:58  Drone  
  56  4:01  Drone  
  58  4:02  Drone  
  58  4:05  Drone  
  58  4:09  Drone  
  56  4:10  Drone  
  56  4:12  Drone  
  56  4:13  Drone  
  56  4:16  Drone  
  59  4:18  Drone  
  59  4:20  Zergling x2  
  61  4:24  Drone  
  61  4:27  Spore Crawler  
  61  4:28  Overlord  
  61  4:29  Drone  
  61  4:31  Zergling x2  
  63  4:35  Extractor  
  63  4:37  Drone  
  63  4:39  Drone  
  63  4:40  Drone  
  63  4:45  Lair  
  63  4:46  Drone  
  63  4:47  Zergling x2  
  63  4:48  Zergling x2  
  63  4:52  Drone, Roach Warren  
  66  4:53  Extractor  
  66  4:55  Drone  
  66  4:56  Drone  
  66  4:57  Drone  
  66  4:58  Extractor  
  67  5:00  Zergling x2  
  67  5:02  Zergling x2, Drone  
  67  5:03  Zergling x2  
  67  5:06  Overlord  
  70  5:08  Overlord  
  70  5:11  Drone  
  70  5:13  Drone  
  69  5:15  Drone  
  69  5:16  Drone  
  69  5:18  Drone x2  
  69  5:20  Drone x2  
  72  5:23  Drone  
  72  5:25  Overlord  
  72  5:26  Drone  
  72  5:27  Drone  
  75  5:32  Roach x2  
  75  5:35  Roach  
  81  5:36  Roach  
  81  5:40  Roach  
  81  5:41  Extractor, Roach  
  86  5:43  Roach  
  86  5:45  Drone  
  86  5:47  Drone  
  86  5:48  Glial Reconstitution  
  88  5:50  Drone  
  88  5:53  Drone  
  88  5:56  Extractor  
  89  5:57  Spire  
  89  6:02  Zergling x2, Ravager  
  89  6:03  Drone  
  91  6:07  Drone  
  91  6:08  Spore Crawler, Drone x3  
  91  6:09  Drone  
  91  6:10  Drone  
  97  6:11  Drone  
  97  6:12  Drone  
  97  6:16  Overlord  
  97  6:17  Overlord  
  97  6:19  Overlord  
  97  6:22  Overlord  
  97  6:24  Overlord  
  97  6:26  Overlord  
  97  6:28  Overlord  
  97  6:30  Overlord  
  97  6:40  Ravager x2  
  97  6:42  Roach x7  
  97  6:44  Ravager x3  
  113  6:48  Roach  
  113  6:49  Roach  
  113  6:53  Roach  
  115  6:56  Roach  
  115  7:00  Roach x2  
  119  7:03  Roach  
  119  7:04  Ravager x2  
  121  7:10  Roach  
  121  7:12  Roach  
  121  7:15  Roach  
Show
View Real Time Build Order
Export as new Build Order

llllllllllll Protoss - Winner!

Build Orders: 1 Gate Expand, Oracle Opening 

Get SALT Encoding   

  12  0:00  Probe  
  13  0:12  Probe  
  14  0:19  Pylon  
  14  0:24  Probe  
  14  0:28  Assimilator  
  15  0:34  Probe  
  15  0:42  Probe  
  16  0:43  Gateway  
  17  0:52  Probe  
  18  1:04  Probe  
  19  1:16  Probe  
  20  1:23  Nexus  
  20  1:32  Cybernetics Core  
  20  1:36  Probe  
  21  1:42  Assimilator  
  21  1:48  Probe  
  21  1:54  Pylon  
  22  2:00  Probe  
  23  2:02  Adept  
  23  2:13  Stargate  
  23  2:14  Probe  
  26  2:19  Warp Gate  
  26  2:26  Probe  
  27  2:31  Adept, Probe  
  30  2:38  Probe  
  30  2:39  Probe  
  32  2:46  Oracle  
  32  2:49  Probe  
  32  2:50  Probe  
  37  3:01  Stalker  
  37  3:03  Probe x2  
  41  3:08  Pylon  
  41  3:15  Probe  
  41  3:16  Probe  
  41  3:18  Oracle  
  43  3:23  Gateway  
  43  3:30  Probe x2  
  43  3:33  Pylon  
  48  3:42  Probe  
  48  3:43  Probe  
  48  3:46  Oracle  
  50  3:54  Probe  
  50  3:55  Probe  
  48  3:58  Assimilator  
  48  3:59  Assimilator  
  51  4:07  Probe x2  
  53  4:18  Robotics Facility  
  53  4:19  Adept  
  53  4:23  Adept  
  57  4:27  Pylon, Probe x2  
  57  4:28  Pylon  
  59  4:37  Gateway  
  59  4:38  Gateway  
  59  4:46  Sentry x2  
  59  4:48  Gateway  
  59  4:50  Gateway  
  63  4:54  Immortal  
  63  4:59  Nexus  
  67  5:19  Sentry x2  
  68  5:21  Warp Prism  
  68  5:25  Gateway x2  
  68  5:33  Sentry x2  
  74  5:36  Pylon  
  74  5:39  Pylon  
  74  5:49  Pylon  
  74  5:51  Observer  
  74  5:53  Zealot x2  
  78  6:01  Stalker x4  
  83  6:24  Stalker x3  
  83  6:25  Stalker x2  
  93  6:26  Zealot x3  
  93  6:29  Pylon  
  96  6:34  Pylon  
  93  7:01  Stalker x3, Zealot x5  
  105  7:25  Stalker x2  
  105  7:26  Stalker  
Tags
 
Add a new tag
Caveats
  • Supply blocks, unpowered buildings, or Contaminate may cause inaccurate times.
  • Supply counts are checked every 10 seconds.